3AA
MARQUETTE MINERS @ DURHAM RAPIERS
08/30/2038
 
TOP OF THE 1ST
Marquette Miners batting - Pitching for Durham Rapiers : RHP Freddy Calcines
Pitching: RHP Freddy Calcines
Batting: RHB Jesús Méndez 0-0: Called Strike
0-1: Ball
1-1: Ground out 6-3 (Groundball, 6MD, EV 88.8 MPH)
Batting: SHB Reginald Gibson 0-0: Ball
1-0: Foul Ball, location: 2F
1-1: Fly out, F7 (Line Drive, 7, EV 104.4 MPH)
Batting: RHB Jorge Japón 0-0: Ball
1-0: Ground out 6-3 (Groundball, 6, EV 90.0 MPH)
Top of the 1st over - 0 runs, 0 hits, 0 errors, 0 left on base; Marquette 0 - Durham 0
BOTTOM OF THE 1ST
Durham Rapiers batting - Pitching for Marquette Miners : LHP Jeremy Parker
Pitching: LHP Jeremy Parker
Batting: RHB Scotty Glenn 0-0: Ball
1-0: Called Strike
1-1: Foul Ball, location: 2F
1-2: Foul Ball, location: 2F
1-2: Ball
2-2: Ball
3-2: Ground out 1-3 (Groundball, 15S, EV 67.5 MPH)
Batting: RHB Marvin Strickland 0-0: Ground out 3-1 (Groundball, 34, EV 86.2 MPH)
Batting: RHB Bearooz Yacoobi 0-0: Ball
1-0: Foul Ball, location: 2F
1-1: Ground out 5-3 (Groundball, 56, EV 108.8 MPH)
Bottom of the 1st over - 0 runs, 0 hits, 0 errors, 0 left on base; Marquette 0 - Durham 0
TOP OF THE 2ND
Marquette Miners batting - Pitching for Durham Rapiers : RHP Freddy Calcines
Batting: SHB Ángel García 0-0: Ground out 1-3 (Groundball, 23, EV 63.8 MPH)
Batting: RHB Miguel Montés 0-0: Swinging Strike
0-1: Ball
1-1: SINGLE (Line Drive, 56D, EV 96.2 MPH)
Batting: LHB Snow Wang 0-0: Ball
1-0: Ball
2-0: Ball
3-0: Called Strike
3-1: Foul Ball, location: 2F
3-2: Foul Ball, location: 2F
3-2: Base on Balls
Miguel Montés to second
Batting: RHB Man-su Chong 0-0: Foul Ball, location: 2F
0-1: Called Strike
0-2: Strikes out swinging
Batting: SHB Carl Saunders 0-0: Ball
1-0: Ball
2-0: Ball
3-0: Base on Balls
Miguel Montés to third
Snow Wang to second
Batting: RHB Cleveland Mortimer 0-0: Ball
1-0: Foul Ball, location: 2F
1-1: Ball
2-1: Fly out, F9 (Flyball, 9LSF, EV 95.0 MPH)
Top of the 2nd over - 0 runs, 1 hit, 0 errors, 3 left on base; Marquette 0 - Durham 0
BOTTOM OF THE 2ND
Durham Rapiers batting - Pitching for Marquette Miners : LHP Jeremy Parker
Batting: RHB Huai-yi Yang 0-0: Called Strike
0-1: Foul Ball, location: 2F
0-2: Ball
1-2: Ball
2-2: Strikes out looking
Batting: SHB Rafael González 0-0: Foul Ball, location: 2F
0-1: SINGLE (Groundball, 6MD, EV 100.0 MPH)
Pitching: RHP Nate Jones
Batting: RHB Brandon Palmer 0-0: Ball
1-0: Foul Ball, location: 2F
1-1: Fielders Choice at 2nd, 6-4 (Groundball, 6, EV 86.2 MPH)
Batting: RHB Kiyohira Kan 0-0: Ball
1-0: Fielders Choice at 2nd, 6-4 (Groundball, 6, EV 84.4 MPH)
Bottom of the 2nd over - 0 runs, 1 hit, 0 errors, 1 left on base; Marquette 0 - Durham 0
TOP OF THE 3RD
Marquette Miners batting - Pitching for Durham Rapiers : RHP Freddy Calcines
Batting: RHB Jesús Méndez 0-0: Swinging Strike
0-1: Foul Ball, location: 2F
0-2: SINGLE (Groundball, 23, EV 69.4 MPH) (infield hit)
Batting: SHB Reginald Gibson 0-0: Grounds into double play, 1-4-3 (Groundball, 15, EV 81.9 MPH)
Batting: RHB Jorge Japón 0-0: Fly out, F9 (Flyball, 89M, EV 78.1 MPH)
Top of the 3rd over - 0 runs, 1 hit, 0 errors, 0 left on base; Marquette 0 - Durham 0
BOTTOM OF THE 3RD
Durham Rapiers batting - Pitching for Marquette Miners : RHP Nate Jones
Batting: SHB Guo-liang Ye 0-0: Ball
1-0: Foul Ball, location: 2F
1-1: Ball
2-1: Ball
3-1: SINGLE (Groundball, 34D, EV 98.8 MPH)
Batting: SHB Tekkan Hayagawa 0-0: Called Strike
0-1: Called Strike
0-2: Foul Ball, location: 2F
0-2: Strikes out swinging
Batting: RHB Scotty Glenn 0-0: Fielders Choice at 2nd, 6-4 (Groundball, 6S, EV 83.1 MPH)
Batting: RHB Marvin Strickland 0-0: Called Strike
0-1: Swinging Strike
0-2: Ball
1-2: Strikes out swinging
Bottom of the 3rd over - 0 runs, 1 hit, 0 errors, 1 left on base; Marquette 0 - Durham 0
TOP OF THE 4TH
Marquette Miners batting - Pitching for Durham Rapiers : RHP Freddy Calcines
Batting: SHB Ángel García 0-0: Called Strike
0-1: Ball
1-1: Foul Ball, location: 2F
1-2: Ball
2-2: Foul Ball, location: 2F
2-2: Strikes out swinging
Batting: RHB Miguel Montés 0-0: Ground out 6-3 (Groundball, 6, EV 78.1 MPH)
Batting: LHB Snow Wang 0-0: Called Strike
0-1: Called Strike
0-2: Ground out 6-3 (Groundball, 6, EV 93.8 MPH)
Top of the 4th over - 0 runs, 0 hits, 0 errors, 0 left on base; Marquette 0 - Durham 0
BOTTOM OF THE 4TH
Durham Rapiers batting - Pitching for Marquette Miners : RHP Nate Jones
Batting: RHB Bearooz Yacoobi 0-0: Foul Ball, location: 2F
0-1: SOLO HOME RUN (Flyball, 78XD, EV 108.1 MPH), Distance : 405 ft
Batting: RHB Huai-yi Yang 0-0: SINGLE (Line Drive, 4D, EV 97.5 MPH)
Batting: SHB Rafael González 0-0: Foul Ball, location: 2F
0-1: Foul Ball, location: 2F
0-2: Ball
1-2: Ball
2-2: Strikes out swinging
Batting: RHB Brandon Palmer 0-0: Ball
Huai-yi Yang is caught stealing 2nd base 2-4
1-0: Foul Ball, location: 2F
1-1: Ball
2-1: DOUBLE (Flyball, 8RD, EV 95.0 MPH)
Batting: RHB Kiyohira Kan 0-0: Ball
1-0: Ball
2-0: Swinging Strike
2-1: Fly out, F8 (Flyball, 89XD, EV 98.8 MPH)
Bottom of the 4th over - 1 run, 3 hits, 0 errors, 1 left on base; Marquette 0 - Durham 1
TOP OF THE 5TH
Marquette Miners batting - Pitching for Durham Rapiers : RHP Freddy Calcines
Batting: RHB Man-su Chong 0-0: Called Strike
0-1: Foul Ball, location: 2F
0-2: Ball
1-2: Strikes out swinging
Batting: SHB Carl Saunders 0-0: Ball
1-0: Ball
2-0: Ball
3-0: Called Strike
3-1: Swinging Strike
3-2: Foul Ball, location: 2F
3-2: Foul Ball, location: 2F
3-2: Foul Ball, location: 2F
3-2: Strikes out swinging
Batting: RHB Cleveland Mortimer 0-0: Ball
1-0: Called Strike
1-1: Swinging Strike
1-2: Foul Ball, location: 2F
1-2: Ball
2-2: Foul Ball, location: 2F
2-2: Foul Ball, location: 2F
2-2: Strikes out swinging
Top of the 5th over - 0 runs, 0 hits, 0 errors, 0 left on base; Marquette 0 - Durham 1
BOTTOM OF THE 5TH
Durham Rapiers batting - Pitching for Marquette Miners : RHP Nate Jones
Batting: SHB Guo-liang Ye 0-0: Swinging Strike
0-1: Ball
1-1: Swinging Strike
1-2: Ball
2-2: Ball
3-2: Base on Balls
Batting: SHB Tekkan Hayagawa 0-0: Bunted foul
0-1: Bunted foul
0-2: Ball
1-2: Ball
2-2: Foul Ball, location: 2F
2-2: Ball
3-2: Base on Balls
Guo-liang Ye to second
Batting: RHB Scotty Glenn 0-0: Fly out, F6 (Popup, 6, EV 73.8 MPH)
Batting: RHB Marvin Strickland 0-0: Called Strike
0-1: Called Strike
0-2: Foul Ball, location: 2F
0-2: Strikes out swinging
Batting: RHB Bearooz Yacoobi 0-0: Swinging Strike
0-1: Ball
1-1: Fly out, F8 (Flyball, 78XD, EV 102.5 MPH)
Bottom of the 5th over - 0 runs, 0 hits, 0 errors, 2 left on base; Marquette 0 - Durham 1
TOP OF THE 6TH
Marquette Miners batting - Pitching for Durham Rapiers : RHP Freddy Calcines
Batting: RHB Jesús Méndez 0-0: Called Strike
0-1: Ball
1-1: SINGLE (Flyball, 7LS, EV 82.5 MPH)
Batting: SHB Reginald Gibson 0-0: Ball
1-0: Bunt missed!
1-1: Ball
2-1: Ball
3-1: Ball
Jesús Méndez to second
Batting: RHB Jorge Japón 0-0: Called Strike
0-1: Ball
1-1: Foul Ball, location: 2F
1-2: Ball
2-2: Foul Ball, location: 2F
2-2: Strikes out swinging
Batting: SHB Ángel García 0-0: Swinging Strike
0-1: Swinging Strike
0-2: Strikes out swinging
Batting: RHB Miguel Montés 0-0: Fly out, F9 (Flyball, 9D, EV 96.2 MPH)
Top of the 6th over - 0 runs, 1 hit, 0 errors, 2 left on base; Marquette 0 - Durham 1
BOTTOM OF THE 6TH
Durham Rapiers batting - Pitching for Marquette Miners : RHP Nate Jones
Batting: RHB Huai-yi Yang 0-0: Called Strike
0-1: Foul Ball, location: 2F
0-2: Ball
1-2: Ball
2-2: Strikes out looking
Batting: SHB Rafael González 0-0: Ball
1-0: Ball
2-0: Ball
3-0: Base on Balls
Pitching: RHP Fernando Colón
Batting: RHB Brandon Palmer 0-0: Called Strike
0-1: Ball
1-1: TRIPLE (Flyball, 9LM, EV 103.8 MPH)
Rafael González scores
Batting: RHB Kiyohira Kan 0-0: Intentional Walk
Batting: SHB Guo-liang Ye 0-0: Ball
1-0: Ball
2-0: SINGLE (Flyball, 78S, EV 79.4 MPH)
Brandon Palmer scores
Kiyohira Kan to second
Batting: SHB Tekkan Hayagawa 0-0: Fielders Choice at 2nd, 3-6 (Groundball, 34, EV 83.8 MPH)
Kiyohira Kan to third
Batting: RHB Scotty Glenn 0-0: Ball
1-0: Fly out, F2 (Popup, 13S, EV 91.9 MPH)
Bottom of the 6th over - 2 runs, 2 hits, 0 errors, 2 left on base; Marquette 0 - Durham 3
TOP OF THE 7TH
Marquette Miners batting - Pitching for Durham Rapiers : RHP Freddy Calcines
Batting: LHB Snow Wang 0-0: Ground out 4-3 (Groundball, 4, EV 81.9 MPH)
Batting: RHB Man-su Chong 0-0: Ball
1-0: Ball
2-0: Fly out, F8 (Flyball, 78D, EV 87.5 MPH)
Batting: SHB Carl Saunders 0-0: Fly out, F8 (Flyball, 8LS, EV 97.5 MPH)
Top of the 7th over - 0 runs, 0 hits, 0 errors, 0 left on base; Marquette 0 - Durham 3
BOTTOM OF THE 7TH
Durham Rapiers batting - Pitching for Marquette Miners : RHP Fernando Colón
Batting: RHB Marvin Strickland 0-0: DOUBLE (Line Drive, 9LM, EV 106.9 MPH)
Batting: RHB Bearooz Yacoobi 0-0: Intentional Walk
Batting: RHB Huai-yi Yang 0-0: Ball
1-0: Ball
2-0: Ball
3-0: Foul Ball, location: 2F
3-1: Hit by Pitch
Marvin Strickland to third
Bearooz Yacoobi to second
Batting: SHB Rafael González 0-0: Ball
1-0: Ball
2-0: Called Strike
2-1: Swinging Strike
2-2: Ball
3-2: Base on Balls
Marvin Strickland scores
Bearooz Yacoobi to third
Huai-yi Yang to second
Batting: RHB Brandon Palmer 0-0: Called Strike
0-1: Grounds into double play, 5-4-3 (Groundball, 56, EV 85.0 MPH)
Bearooz Yacoobi scores
Huai-yi Yang to third
Batting: RHB Kiyohira Kan 0-0: SINGLE (Flyball, 9S, EV 93.1 MPH)
Huai-yi Yang scores
Pitching: RHP Jin-guo Quan
Batting: SHB Guo-liang Ye 0-0: Called Strike
0-1: Ground out 4-3 (Groundball, 34, EV 105.0 MPH)
Bottom of the 7th over - 3 runs, 2 hits, 0 errors, 1 left on base; Marquette 0 - Durham 6
TOP OF THE 8TH
Marquette Miners batting - Pitching for Durham Rapiers : RHP Freddy Calcines
Batting: RHB Cleveland Mortimer 0-0: Called Strike
0-1: Swinging Strike
0-2: SINGLE (Groundball, 56D, EV 98.8 MPH)
Pitching: RHP Leon Sorensen
Batting: RHB Jesús Méndez 0-0: Called Strike
0-1: Ball
1-1: SINGLE (Line Drive, 78S, EV 104.4 MPH)
Cleveland Mortimer to second
Batting: SHB Reginald Gibson 0-0: Ball
1-0: Swinging Strike
1-1: Ball
2-1: Foul Ball, location: 2F
2-2: Foul Ball, location: 2F
2-2: Strikes out swinging
Batting: RHB Jorge Japón 0-0: SINGLE (Flyball, 56D, EV 101.2 MPH)
Cleveland Mortimer to third
Jesús Méndez to second
Batting: SHB Ángel García 0-0: Called Strike
0-1: Ball
1-1: Swinging Strike
1-2: Ball
2-2: Strikes out swinging
Batting: RHB Miguel Montés 0-0: Ball
1-0: Foul Ball, location: 2F
1-1: Foul Ball, location: 2F
1-2: Fly out, F7 (Flyball, 7D, EV 94.4 MPH)
Top of the 8th over - 0 runs, 3 hits, 0 errors, 3 left on base; Marquette 0 - Durham 6
BOTTOM OF THE 8TH
Durham Rapiers batting - Pitching for Marquette Miners : RHP Jin-guo Quan
Batting: SHB Tekkan Hayagawa 0-0: Foul Ball, location: 2F
0-1: Ball
1-1: Ball
2-1: Ball
3-1: SINGLE (Flyball, 9LM, EV 88.1 MPH)
Batting: RHB Scotty Glenn 0-0: Called Strike
0-1: SINGLE (Groundball, 6S, EV 76.9 MPH) (infield hit)
Tekkan Hayagawa to second
Batting: RHB Marvin Strickland 0-0: Called Strike
0-1: Ball
1-1: Called Strike
1-2: Ball
2-2: Foul Ball, location: 2F
2-2: Strikes out swinging
Batting: RHB Bearooz Yacoobi 0-0: Fly out, F6 (Popup, 15, EV 80.0 MPH)
Batting: RHB Huai-yi Yang 0-0: Fly out, F8 (Flyball, 8LS, EV 83.8 MPH)
Bottom of the 8th over - 0 runs, 2 hits, 0 errors, 2 left on base; Marquette 0 - Durham 6
TOP OF THE 9TH
Marquette Miners batting - Pitching for Durham Rapiers : RHP Leon Sorensen
Batting: LHB Snow Wang 0-0: Foul Ball, location: 2F
0-1: Ground out 4-3 (Groundball, 4, EV 110.6 MPH)
Batting: RHB Man-su Chong 0-0: Ball
1-0: Ground out 5-3 (Groundball, 56, EV 105.6 MPH)
Batting: SHB Carl Saunders 0-0: Called Strike
0-1: Ball
1-1: Ball
2-1: Foul Ball, location: 2F
2-2: Ball
3-2: Base on Balls
Batting: RHB Cleveland Mortimer 0-0: Called Strike
0-1: Ball
1-1: Foul Ball, location: 2F
1-2: Strikes out swinging
Top of the 9th over - 0 runs, 0 hits, 0 errors, 1 left on base; Marquette 0 - Durham 6
Friday, April 17th, 2020 - OOTP Baseball 20.8 Build 74